Map: Blackpink LE

Players

TYTY (TY) - Winner!

  • Race: Terran Terran
  • Spawn Location: 1:00

Lillekanin

  • Race: Terran Terran
  • Spawn Location: 7:00

Event: IEM Season 12 - Katowice

VOD

Have the link to the VOD?

Description

Time

  • Played on: Feb. 26, 2018, 4:41 a.m.
  • Length: 16:43

All games in this series

Show
View Real Time Build Order
Export as new Build Order

TYTY Terran - Winner!

Build Orders: Cyclone Opening, Gas First Reaper Expand, Reaper Expand, MMM Bio 

Get SALT Encoding   

  12  0:00  SCV  
  13  0:12  SCV  
  14  0:18  Supply Depot  
  14  0:24  SCV  
  15  0:29  Refinery  
  15  0:40  SCV  
  16  0:43  Barracks  
  16  0:52  SCV  
  17  1:04  SCV  
  18  1:16  SCV  
  19  1:31  Reaper, Orbital Command  
  20  1:45  Command Center  
  20  1:55  Factory  
  20  1:58  SCV  
  21  2:08  Barracks Reactor  
  21  2:09  Supply Depot  
  21  2:13  SCV  
  22  2:18  Refinery  
  22  2:25  SCV  
  23  2:37  SCV  
  23  2:43  Cyclone  
  27  2:45  Marine x2  
  27  2:50  SCV  
  30  2:56  Orbital Command  
  30  3:02  SCV, Marine  
  30  3:03  Marine  
  33  3:09  Starport  
  33  3:14  SCV  
  33  3:16  Factory Tech Lab  
  34  3:20  Marine x2  
  34  3:22  SCV  
  34  3:26  SCV  
  38  3:34  SCV  
  38  3:38  SCV, Marine x2  
  38  3:40  Supply Depot  
  42  3:46  SCV  
  43  3:52  SCV  
  43  3:53  Raven  
  46  3:58  Command Center  
  46  4:01  SCV  
  47  4:04  Marine x2  
  47  4:05  Factory Tech Lab  
  47  4:08  SCV  
  50  4:15  Supply Depot  
  50  4:16  SCV  
  50  4:22  Marine  
  52  4:24  SCV  
  52  4:25  Bunker  
  52  4:33  SCV  
  52  4:36  SCV  
  52  4:37  Siege Tank  
  57  4:39  Supply Depot  
  56  4:46  SCV  
  56  4:48  SCV  
  57  4:58  SCV  
  58  5:01  Marine  
  58  5:02  SCV  
  60  5:08  Viking  
  60  5:10  SCV  
  60  5:11  Orbital Command  
  62  5:16  SCV, Stimpack  
  62  5:18  Marine  
  64  5:22  Siege Tank  
  64  5:24  SCV  
  68  5:31  SCV, Barracks  
  68  5:32  Barracks  
  69  5:36  SCV  
  69  5:38  Marine  
  69  5:40  SCV  
  72  5:43  SCV  
  72  5:47  Starport Reactor  
  72  5:48  SCV  
  73  5:54  SCV  
  73  5:56  Marine  
  75  5:57  Engineering Bay x2, Refinery  
  75  5:58  Siege Tank  
  75  6:00  SCV x2, Refinery  
  80  6:06  SCV  
  80  6:07  Supply Depot  
  81  6:13  SCV x2  
  81  6:14  Marine  
  84  6:24  Orbital Command  
  85  6:26  Terran Infantry Weapons Level 1  
  85  6:28  SCV  
  85  6:29  Starport Reactor  
  85  6:30  Supply Depot x2, Marine x3  
  85  6:32  Supply Depot  
  88  6:35  SCV  
  88  6:39  Missile Turret  
  89  6:40  SCV  
  89  6:41  Siege Tank  
  89  6:46  Barracks  
  93  6:47  Barracks  
  93  6:51  SCV x2  
  93  6:52  SCV  
  93  6:53  Marine x2  
  93  6:54  Supply Depot x2  
  98  6:56  Marine x2  
  98  6:57  Marine  
  101  7:03  SCV x2  
  101  7:06  SCV  
  103  7:10  Medivac x2  
  103  7:11  Marine  
  103  7:15  SCV, Marauder, Refinery  
  109  7:16  SCV, Combat Shields  
  109  7:22  SCV  
  112  7:23  Marine  
  112  7:24  Marine x2  
  112  7:28  SCV  
  116  7:31  Supply Depot, Marine  
  116  7:34  Supply Depot  
  116  7:35  SCV x2  
  116  7:36  Marine  
  120  7:37  Barracks Tech Lab x2  
  120  7:40  Medivac x2  
  120  7:41  Terran Infantry Armor Level 1  
  120  7:42  Marine x3  
  127  7:45  Refinery  
  129  7:54  Supply Depot, Marine, Marauder  
  129  7:55  Supply Depot, Marine x2  
  129  7:57  Armory  
  132  8:02  Command Center  
  131  8:10  Concussive Shells  
  131  8:14  Marine x2  
  131  8:15  Marine x2, Medivac, Marauder x2  
  131  8:16  Marauder  
  131  8:17  SCV x2  
  131  8:18  SCV  
  145  8:34  Marine x2  
  147  8:35  Marine x2  
  147  8:36  Marauder x2  
  147  8:40  Medivac  
  155  8:45  Marine, Medivac, Terran Infantry Weapons Level 2  
  155  8:47  SCV x2  
  160  8:51  Marine  
  155  8:59  Marine x2  
  155  9:00  Marauder x2  
  155  9:02  SCV  
  164  9:03  Marauder  
  164  9:04  Factory Reactor  
  164  9:08  SCV  
  164  9:09  Starport  
  165  9:14  Viking, SCV  
  165  9:15  Viking  
  165  9:16  Orbital Command  
  170  9:19  Marine x3  
  170  9:22  Supply Depot  
  170  9:23  Supply Depot  
  173  9:24  SCV x2  
  173  9:27  Marine, Marauder x2  
  180  9:34  Marine  
  178  9:39  Terran Infantry Armor Level 2  
  178  9:40  SCV  
  178  9:41  SCV  
  178  9:42  Supply Depot  
  178  9:43  SCV  
  178  9:44  Viking  
  178  9:45  Viking  
  185  9:48  Refinery  
  185  9:49  Refinery  
  185  9:55  Starport  
  185  9:56  Viking x2  
  185  9:57  SCV x3  
  191  10:01  Supply Depot  
  185  10:14  Viking, Starport  
  187  10:16  SCV x2  
  187  10:19  Viking  
  187  10:21  Command Center  
  194  10:30  Liberator x2  
  194  10:35  Starport Tech Lab  
  196  10:40  Starport  
  194  10:45  Viking  
  194  10:48  Viking  
  200  10:54  Starport Tech Lab  
  200  10:56  Corvid Reactor  
  200  10:59  Sensor Tower  
  200  11:06  Raven  
  193  11:12  SCV x3, Marine  
  193  11:13  SCV  
  193  11:18  Starport Tech Lab  
  185  11:19  Supply Depot  
  185  11:24  SCV x3  
  185  11:25  Supply Depot, SCV  
  186  11:29  Command Center x2  
  188  11:36  SCV x3, Orbital Command  
  188  11:37  SCV  
  191  11:41  Liberator x2  
  191  11:48  SCV x3  
  190  11:56  Raven  
  190  11:57  Raven x2  
  198  12:07  Terran Infantry Weapons Level 3  
  198  12:08  Terran Ship Weapons Level 1  
  198  12:13  Barracks  
  198  12:14  Barracks  
  196  12:22  Refinery x2  
  193  12:25  Fusion Core  
  193  12:26  Command Center  
  193  12:27  Command Center  
  193  12:38  SCV x2  
  193  12:39  SCV  
  193  12:40  Raven x2  
  198  12:50  Raven  
  200  12:54  Terran Infantry Armor Level 3  
  197  13:09  Orbital Command, Planetary Fortress  
  197  13:10  Command Center  
  197  13:13  Refinery  
  197  13:14  Advanced Ballistics  
  197  13:16  Barracks Tech Lab x2  
  197  13:26  Raven x2  
  199  13:39  Refinery  
  192  13:51  SCV  
  192  13:52  SCV x4  
  192  13:53  SCV x2  
  195  13:59  Raven  
  197  14:04  SCV x3  
  197  14:05  Terran Ship Weapons Level 2  
  197  14:09  Armory  
  199  14:23  SCV  
  200  14:26  Orbital Command  
  200  14:27  Orbital Command  
  169  14:54  Raven x2  
  169  14:55  Raven  
  157  15:08  Marine x4, Marauder x2  
  157  15:10  Liberator x4  
  157  15:12  Marine x3  
  147  15:15  SCV x2  
  147  15:16  SCV x4  
  165  15:26  Marine  
  166  15:29  Marine x2  
  166  15:30  SCV x2  
  166  15:32  Orbital Command  
  170  15:37  Raven x2  
  166  15:47  Marine x4, Marauder x2  
  166  15:48  Marine x3  
  165  15:52  SCV x2  
  162  15:58  Raven  
  162  16:01  SCV x2  
  162  16:02  SCV x3  
  162  16:03  SCV  
  170  16:05  Marine x6  
  170  16:06  Marine  
  170  16:08  Marine x2  
  179  16:22  Marine x2, Starport  
  179  16:23  Marine x2  
  179  16:24  Starport  
  187  16:30  SCV x2  
Show
View Real Time Build Order
Export as new Build Order

Lillekanin Terran 

Build Orders: Gas First Reaper Expand, Liberator Opening, Reaper Expand, Mech 

Get SALT Encoding   

  12  0:00  SCV  
  13  0:12  SCV  
  14  0:17  Supply Depot  
  14  0:24  SCV  
  15  0:29  Refinery  
  15  0:39  SCV  
  16  0:44  Barracks  
  16  0:51  SCV  
  17  1:03  SCV  
  18  1:15  SCV  
  19  1:32  Reaper  
  21  1:33  Orbital Command  
  20  1:47  Command Center  
  20  2:00  SCV  
  21  2:06  Factory  
  21  2:11  Barracks Reactor  
  21  2:12  SCV  
  22  2:17  Supply Depot  
  22  2:24  SCV, Refinery  
  23  2:39  SCV  
  25  2:51  SCV  
  25  2:55  Hellion x2, Starport  
  29  3:02  Orbital Command  
  29  3:04  SCV  
  30  3:11  Supply Depot  
  30  3:16  SCV  
  30  3:17  Hellion  
  30  3:18  Liberator  
  35  3:20  Hellion  
  35  3:28  SCV x2  
  37  3:40  SCV  
  41  3:41  Refinery  
  41  3:42  SCV  
  41  3:47  Cyclone  
  45  3:52  Cyclone  
  45  3:55  SCV  
  49  3:57  SCV  
  50  4:07  SCV  
  50  4:09  SCV  
  52  4:19  SCV  
  52  4:21  Liberator  
  52  4:22  Supply Depot, SCV  
  54  4:33  Supply Depot  
  54  4:38  Cyclone, SCV x2  
  62  4:46  Barracks Tech Lab  
  62  4:48  Factory  
  62  4:50  SCV x2, Refinery  
  64  5:02  SCV x2  
  62  5:14  SCV x2  
  62  5:16  Command Center  
  64  5:22  Starport Tech Lab  
  64  5:26  SCV x2  
  66  5:35  Barracks Reactor  
  66  5:36  Starport  
  66  5:38  SCV x2  
  66  5:40  Siege Tank  
  71  5:45  Supply Depot  
  71  5:48  Raven  
  73  5:50  SCV x2  
  75  6:01  Factory  
  75  6:03  SCV x2  
  77  6:06  Supply Depot  
  77  6:07  Hellion  
  77  6:08  Engineering Bay  
  76  6:13  Siege Tank  
  76  6:15  SCV x2  
  81  6:21  Liberator  
  81  6:27  SCV x2  
  81  6:28  Viking x2  
  81  6:29  Orbital Command  
  87  6:33  Armory  
  87  6:39  SCV x2  
  92  6:45  Factory Tech Lab  
  90  6:50  Siege Tank  
  90  6:51  SCV x2  
  95  6:57  Hellion x2  
  95  7:00  Viking  
  101  7:03  SCV x2  
  103  7:08  Orbital Command  
  103  7:10  Siege Tank  
  103  7:15  SCV x2  
  108  7:24  Supply Depot  
  108  7:25  Hellion  
  108  7:26  Supply Depot, Siege Tank  
  108  7:27  SCV x2  
  117  7:39  SCV x2  
  117  7:43  Terran Vehicle Weapons Level 1, Refinery  
  117  7:47  Refinery  
  117  7:49  Hellion, Siege Tank  
  119  7:51  SCV x2  
  119  7:54  Sensor Tower  
  119  7:56  Hellion  
  119  7:57  Missile Turret  
  123  7:59  Missile Turret x2, Hellion  
  123  8:01  Missile Turret  
  123  8:03  Missile Turret  
  123  8:04  SCV x2  
  123  8:05  Missile Turret  
  119  8:20  Siege Tank  
  119  8:24  Siege Tank  
  125  8:28  Starport Tech Lab  
  125  8:29  Sensor Tower, SCV  
  124  8:50  SCV  
  124  8:51  SCV  
  124  8:52  Hellion x2, Siege Tank  
  124  8:55  Viking  
  128  8:56  Siege Tank  
  128  9:02  Missile Turret  
  131  9:03  Missile Turret, SCV x2  
  131  9:08  Command Center  
  131  9:09  Starport  
  133  9:10  Starport  
  133  9:11  Missile Turret x2  
  133  9:15  Missile Turret  
  133  9:17  Missile Turret  
  133  9:22  Missile Turret  
  133  9:25  Infernal Pre-Igniter, SCV, Hellion  
  133  9:29  Supply Depot  
  132  9:49  Starport Tech Lab  
  132  9:50  Starport Tech Lab  
  132  9:51  Hellion x2, Siege Tank, Terran Vehicle Weapons Level 2  
  132  9:52  Supply Depot  
  141  9:53  Supply Depot  
  141  9:54  Armory  
  141  9:56  Sensor Tower, Liberator  
  141  10:04  Viking  
  141  10:06  SCV  
  140  10:10  Hellion x3  
  140  10:14  Missile Turret, Viking x2, Siege Tank  
  146  10:15  Missile Turret, Viking  
  146  10:18  Missile Turret  
  146  10:20  Hellion x2  
  150  10:23  Hellion  
  150  10:26  Corvid Reactor  
  152  10:41  Hellion x2  
  156  10:44  Siege Tank  
  156  10:46  Siege Tank  
  158  11:02  Hellion  
  158  11:03  Terran Vehicle And Ship Armor Level 1, Hellion  
  162  11:13  Raven  
  162  11:16  Siege Tank  
  162  11:18  Siege Tank  
  170  11:19  Viking  
  172  11:31  Hellion  
  171  11:41  Hellion  
  171  11:42  Hellion x5  
  171  11:44  Starport  
  167  11:49  Siege Tank  
  167  11:50  Hellion  
  172  11:56  Supply Depot, Raven  
  172  11:57  Supply Depot, Hellion  
  172  12:00  Missile Turret  
  172  12:01  Command Center  
  173  12:02  Missile Turret, Hellion, Planetary Fortress  
  173  12:03  Missile Turret  
  173  12:07  Raven  
  177  12:12  Hellion  
  177  12:13  Refinery x2  
  179  12:16  Viking  
  179  12:18  Hellion  
  179  12:21  Hellion  
  185  12:23  Terran Ship Weapons Level 1  
  185  12:24  Starport Tech Lab  
  185  12:27  Starport  
  183  12:37  Missile Turret  
  183  12:40  Raven  
  185  12:50  Raven  
  185  12:51  Supply Depot  
  185  12:53  Supply Depot  
  181  12:59  Command Center, Raven  
  183  13:11  Supply Depot  
  183  13:12  Supply Depot, Barracks  
  181  13:22  Raven  
  181  13:26  Terran Vehicle And Ship Armor Level 2  
  175  13:33  Raven  
  177  13:41  Raven  
  177  13:43  Hellion x2  
  177  13:47  Command Center  
  181  13:49  Command Center  
  181  13:55  Hellion  
  183  13:57  Hellion  
  185  14:04  Hellion  
  185  14:05  Raven  
  181  14:16  Raven  
  180  14:21  Orbital Command  
  178  14:24  Raven  
  178  14:29  Missile Turret x2  
  180  14:32  Viking  
  124  14:38  Viking x2  
  184  14:48  Raven  
  170  14:57  Orbital Command  
  170  14:58  Raven  
  132  15:15  Raven  
  132  15:16  Hellion x2, Siege Tank  
  132  15:17  Hellion  
  143  15:31  Raven  
  143  15:32  Refinery  
  143  15:34  SCV x2, Refinery  
  147  15:38  Hellion x3  
  131  15:48  Hellion  
  116  15:52  Raven  
  116  15:56  Viking x2  
  110  15:58  Raven  
  110  15:59  Hellion x3  
  110  16:00  SCV  
  110  16:02  SCV x2, Command Center  
  121  16:10  Hellion  
  123  16:11  SCV  
  123  16:12  SCV  

Tags
 
Add a new tag
Caveats
  • Supply blocks, unpowered buildings, or Contaminate may cause inaccurate times.
  • Supply counts are checked every 10 seconds.